 Dungeon Crawl Stone Soup version 0.22-a0-135-g6f012ad (webtiles) character file.

70 sankara the Insei (level 4, 0/35 HPs)
             Began as a Draconian Transmuter on Jan 31, 2018.
             Succumbed to a worker ant's poison
             ... on level 1 of the Dungeon.
             The game lasted 00:04:20 (1083 turns).

sankara the Insei (Draconian Transmuter)            Turns: 1083, Time: 00:04:21

Health: 0/35       AC:  8    Str: 12    XL:     4   Next: 3%
Magic:  5/7        EV: 12    Int: 14    God:
Gold:   50         SH:  0    Dex: 12    Spells: 1/7 levels left

rFire    + . .     SeeInvis +     - Unarmed
rCold    + . .     Gourm    .   (no shield)
rNeg     . . .     Faith    .   (armour unavailable)
rPois    +         Spirit   .   (helmet restricted)
rElec    +         Reflect  .   (no cloak)
rCorr    +         Harm     .   i - +2 pair of gloves
MR       .....                  (no boots)
Stlth    +.........             (no amulet)
HPRegen  0.11/turn              f - ring of see invisible
MPRegen  0.10/turn              (no ring)

@: lethally poisoned (0 -> -12), appendage, resistant, very slightly
contaminated, invisible
A: unfitting armour, horns 2, cold-blooded, AC +5
a: End Transformation


You were on level 1 of the Dungeon.
You were not hungry.
You had grown temporary horns.
You visited 1 branch of the dungeon, and saw 2 of its levels.

You collected 50 gold pieces.

Inventory:

Hand Weapons
 e - a +1 vampiric dagger
Missiles
 a - 42 arrows
 l - 6 poisoned needles
Armour
 i - a +2 pair of gloves (worn)
Jewellery
 f - a ring of see invisible (left hand)
Scrolls
 g - a scroll of identify {unknown}
 h - a scroll of teleportation {unknown}
Books
 b - a book of Changes

   Spells                             Type                      Level
   a - Beastly Appendage              Transmutation                1
   b - Sticks to Snakes               Transmutation                2
   c - Spider Form                    Transmutation/Poison         3
   d - Ice Form                       Ice/Transmutation            4
   e - Blade Hands                    Transmutation                5
Comestibles
 c - a ration
 k - 6 chunks of flesh


   Skills:
 - Level 1.1 Fighting
 - Level 1.7 Dodging
 + Level 3.9 Unarmed Combat
 - Level 2.0 Spellcasting
 * Level 3.5 Transmutations


You had one spell level left.
You knew the following spells:

 Your Spells              Type           Power        Failure   Level  Hunger
a - Beastly Appendage     Tmut           ##....       5%          1    ##.....
b - Sticks to Snakes      Tmut           ##......     9%          2    ###....
c - Spider Form           Tmut/Pois      #.........   34%         3    ####...


Dungeon Overview and Level Annotations

Branches:
Dungeon (2/15)

Altars:


Innate Abilities, Weirdness & Mutations

Your plain brown scales are hard. (AC +5)
You cannot fit into any form of body armour.
You are cold-blooded and may be slowed by cold attacks.
You have a pair of horns on your head.


Message History

You hit the worker ant.
The worker ant is almost dead.
* * * LOW HITPOINT WARNING * * *
You feel sick. The bat closely misses you.
You punch the worker ant!
You kill the worker ant!
You have reached level 4!
You feel clever.
* * * LOW HITPOINT WARNING * * *
You feel sick. The bat hits you but does no damage. x2
You closely miss the bat. Your headbutt misses the bat.
* * * LOW HITPOINT WARNING * * *
You feel sick. The bat closely misses you.
You barely miss the bat. Your headbutt misses the bat.
Your tail-slap misses the bat.
* * * LOW HITPOINT WARNING * * *
You feel sick. The bat hits you but does no damage.
Okay, then.
You eat one of the 2 rations.
That ration really hit the spot!
You die...

#....#.........#
#..#...........#
#....#.........#
#..#...........###########
#....#.........#..........
#..#...........#.#########
###....#....................
#....#....#####......#######
#......>..†@÷.b........#####
#......#..########.......##.
######.....##### #.....#....
###.#.....###.##....###
##########.###....##.##.......
#..........###..#.............
#.............)...).........##
#........#####..##.....#.#####
####......####........##.####.


You could see a bat.

Vanquished Creatures
  A worker ant (D:1)
  A gnoll (D:1)
  2 dart slugs (D:1)
  2 leopard geckos (D:1)
  6 bats (D:1)
  A giant cockroach (D:1)
  4 goblins (D:1)
  3 hobgoblins (D:1)
  4 jackals (D:1)
  A ball python (D:1)
  A frilled lizard (D:1)
  A kobold (D:1)
27 creatures vanquished.

Notes
Turn   | Place    | Note
-------+----------+-------------------------------------------
     0 | D:1      | sankara the Draconian Transmuter began the quest for the Orb.
     0 | D:1      | Reached XP level 1. HP: 16/16 MP: 3/3
   154 | D:1      | Reached XP level 2. HP: 10/23 MP: 5/5
   540 | D:1      | Learned a level 2 spell: Sticks to Snakes
   886 | D:1      | Reached XP level 3. HP: 25/28 MP: 3/6
  1020 | D:1      | Learned a level 3 spell: Spider Form
  1080 | D:1      | Reached XP level 4. HP: 4/35 MP: 5/7
  1082 | D:1      | HP: 1/35 [poisoned by a worker ant]
  1083 | D:1      | Succumbed to a worker ant's poison

Vault maps used:
D:1:      minmay_arrival_radiant_lines, minmay_misc_feat_pillars,
          serial_bayou_pond_e
D:2:      chequers_temple_overflow_statue_of_worship, old_standard_altar,
          old_standard_altar, uniq_jessica

Skill      XL: |  1  2 |
---------------+-------+-----
Transmutations | 3 |  3.5
Fighting       | |  1.1
Dodging        | |  1.7
Unarmed Combat | |  3.9
Spellcasting   | |  2.0

Action                   |  1- 3 |  4- 6 || total
-------------------------+-------+-------++-------
Melee: Unarmed           |   107 |     2 ||   109
       Tailslap          |     7 |       ||     7
       Kick              |    10 |       ||    10
 Cast: Beastly Appendage |     9 |       ||     9
  Use: Potion            |     2 |       ||     2
 Stab: Invisible         |     1 |       ||     1
  Eat: Chunk             |     1 |       ||     1
       Ration            |       |     1 ||     1
Armor: Skin              |    72 |     3 ||    75
Dodge: Dodged            |   128 |     1 ||   129

Table legend:
 A = Spawn XP
 B = Non-spawn XP
 C = Spawn XP percentage of total XP
 D = Spawn monster count
 E = Non-spawn monster count
 F = Spawn count percentage of total count
 G = Total turns spent on level
                    A         B        C        D         E        F      G
               +---------+---------+-------+---------+---------+-------+---------
         Total |       0 |     100 |   0.0 |       0 |      27 |   0.0 |  1083
               +---------+---------+-------+---------+---------+-------+---------
           D:1 |       0 |     100 |   0.0 |       0 |      27 |   0.0 |  1079
               +---------+---------+-------+---------+---------+-------+---------
